 Dungeon Crawl Stone Soup version 0.30-a0-339-g89bb51ec76 (webtiles) character file.

Game seed: 6526803007284296132

337735 Shayle the Scorcher (level 21, -4/273 HPs)
             Began as a Naga Reaver on Oct 31, 2022.
             Was a Priest of Ashenzari.
             Slain by a +4 scimitar of holy wrath (11 damage)
             ... animated by Zenata
             ... on level 1 of the Elven Halls on Nov 1, 2022.
             The game lasted 04:44:22 (60130 turns).

Shayle the Scorcher (Naga Reaver)                  Turns: 60130, Time: 04:44:22

Health: -4/273     AC: 36    Str: 16    XL:     21   Next: 92%
Magic:  4/45       EV: 11    Int: 33    God:    Ashenzari [***...]
Gold:   2563       SH: 10    Dex: 13    Spells: 8/42 levels left

rFire   . . .      SeeInvis +    s - +5 demon trident "Mopurif" {vorpal, MP+9 Str+2 Int+7 Stlth-}
rCold   . . .      Faith    .    N - +0 kite shield {reflect}
rNeg    + + .      Spirit   .    (body armour currently unavailable)
rPois   ∞          Reflect  +    o - +1 hat "Oprauxes" {rN+}
rElec   +          Harm     .    L - +2 cloak of Ashenzari's Urgency {Stlth+, Self, Cun} (curse)
rCorr   .          Rampage  .    (gloves currently unavailable)
Will    ++...      Clarity  +    (no barding)
Stlth   +++.......               Q - amulet of the Elysian Augur {Regen+, Comp, Elem} (curse)
HPRegen 1.45/turn                B - ring of the Bound Comet {AC+4, Fort, Self} (curse)
MPRegen 0.29/turn                M - ring of the Prophetic Portent {Int+6, Cun, Bglg} (curse)

@: statue-form, very slightly contaminated, very slow
A: slow and powerful, torment resistance 1, boosted hp, AC +7, large, see
invisible, deformed body, poison resistance, (slowness 2), spit poison 1, naga
tail 2, electricity resistance, weak 1
}: 2/15 runes: decaying, gossamer
a: Spit Poison, End Transformation, Renounce Religion, Shatter the Chains


You were on level 1 of the Elven Halls.
You worshipped Ashenzari.
Ashenzari was most pleased with you.
You were a living statue of rough stone.
You visited 8 branches of the dungeon, and saw 35 of its levels.
You visited the Abyss 1 time.
You also visited: Bailey, Ice Cave and Volcano.

You collected 3743 gold pieces.
You spent 1180 gold pieces at shops.

Inventory:

Hand Weapons
 s - the +5 demon trident "Mopurif" (weapon) {vorpal, MP+9 Str+2 Int+7 Stlth-}
   (You acquired it on level 2 of the Spider Nest)

   It inflicts extra damage upon your enemies.
   Str:       It affects your strength (+2).
   Int:       It affects your intelligence (+7).
   MP:        It affects your magic capacity (+9).
   Stlth:     It makes you less stealthy.
 z - the +9 staff of Olgreb {rPois∞}
   (You found it on level 11 of the Dungeon)

   If the wielder is skilled in Evocations, they can envenom those struck by it,
   dealing poison damage which bypasses armour.
   It enhances your poison magic.
   It grants immunity to poison.
   It can be activated via the 'a'bility menu to radiate toxic energy, with
   effectiveness depending on Evocations skill.
Missiles
 k - 11 curare-tipped darts (quivered)
Armour
 o - the +1 hat "Oprauxes" (worn) {rN+}
   (You found it on level 4 of the Spider Nest)

   rN:        It protects you from negative energy.
 A - the +2 leather armour of Beogh's Pride (melded) {rCorr}
   (You found it on level 5 of the Dungeon)

   rCorr:     It protects you from acid and corrosion.
 G - the cursed +0 pair of gloves "Share My Sybil" (melded) {Elem, Fort}
   (You found it on level 1 of the Lair of Beasts)

   It has a curse which improves the following skills: Elements: Fire Magic, Ice
   Magic, Air Magic and Earth Magic.
   Fortitude: Armour and Shields.
 L - the cursed +2 cloak of Ashenzari's Urgency (worn) {Stlth+, Self, Cun}
   (You found it in a bailey)

   It has a curse which improves the following skills: Introspection: Fighting
   and Spellcasting.
   Cunning:   Dodging and Stealth.
 N - a +0 kite shield of reflection (worn)
 O - a +1 barding (melded)
 W - the +1 pair of gloves of Temperance {Dex+4}
   (You found it on level 2 of the Spider Nest)

   Dex:       It affects your dexterity (+4).
Jewellery
 g - a ring of protection from cold
 r - the ring "Geabon" {rN+ Dex+3}
   (You found it in an ice cave)

   [ring of positive energy]

   Dex:       It affects your dexterity (+3).
   rN:        It protects you from negative energy.
 B - the cursed ring of the Bound Comet (left fist) {AC+4, Fort, Self}
   (You found it on level 4 of the Dungeon)

   [ring of protection]

   AC:        It affects your AC (+4).
   It has a curse which improves the following skills: Fortitude: Armour and
   Shields.
   Introspection: Fighting and Spellcasting.
 I - the amulet of Impatience {Acrobat Harm Rampage rC- Dex+3}
   (You found it on level 2 of the Vaults)

   [amulet of the acrobat]

   It increases your evasion while moving and waiting.
   Dex:       It affects your dexterity (+3).
   rC:        It makes you vulnerable to cold.
   Harm:      It increases damage dealt and taken.
   Rampage:   It bestows one free step when moving towards enemies.
 M - the cursed ring of the Prophetic Portent (right fist) {Int+6, Cun, Bglg}
   (You found it on level 7 of the Dungeon)

   [ring of intelligence]

   Int:       It affects your intelligence (+6).
   It has a curse which improves the following skills: Cunning: Dodging and
   Stealth.
   Beguiling: Conjurations, Hexes and Translocations.
 Q - the cursed amulet of the Elysian Augur (around neck) {Regen+, Comp, Elem}
   (You found it on level 8 of the Dungeon)

   [amulet of regeneration]

   Regen:     It increases your rate of health regeneration.
   It has a curse which improves the following skills: Companions: Summonings
   and Necromancy.
   Elements:  Fire Magic, Ice Magic, Air Magic and Earth Magic.
 V - a ring of protection from fire
Wands
 j - a wand of charming (65)
 q - a wand of digging (18)
 t - a wand of flame (74)
 K - a wand of roots (9)
 R - a wand of mindburst (17)
Scrolls
 c - a scroll of summoning
 f - 6 scrolls of teleportation
 h - 5 scrolls of fog
 m - 2 scrolls of silence
 u - 4 scrolls of magic mapping
 v - a scroll of fear
 x - 4 scrolls of torment
 C - 6 scrolls of poison
 E - a scroll of amnesia
 F - a scroll of immolation
 P - a scroll of enchant weapon
Potions
 a - 2 potions of might
 b - 3 potions of cancellation
 d - 2 potions of brilliance
 e - 3 potions of attraction
 i - 3 potions of mutation
 l - 5 potions of flight
 n - 5 potions of lignification
 p - 10 potions of haste
 w - 2 potions of berserk rage
 H - 5 potions of curing
 T - 3 potions of ambrosia
 Y - a potion of magic
Miscellaneous
 J - a condenser vane (inert)
 S - a phantom mirror (inert)
 Z - a phial of floods


   Skills:
 - Level 15.2(17.5) Fighting
 - Level 11.4 Polearms
 - Level 11.7(13.3) Armour
 - Level 5.4(7.8) Dodging
 - Level 5.0(7.4) Stealth
 - Level 6.2(7.8) Shields
 - Level 9.0(11.4) Spellcasting
 - Level 7.0(8.6) Conjurations
 + Level 7.5(9.1) Necromancy
 + Level 9.3 Transmutations
 - Level 16.2(17.7) Fire Magic
 - Level 5.9(7.5) Ice Magic
 - Level 13.4(14.9) Air Magic
 - Level 5.4(7.0) Earth Magic
 + Level 11.0 Evocations


You had 8 spell levels left.
You knew the following spells:

 Your Spells              Type           Power      Damage    Failure   Level
a - Kiss of Death         Conj/Necr      100%       2d13      1%          1
b - Hailstorm             Conj/Ice       64%        3d14      1%          3
c - Blink                 Tloc           40%        N/A       7%          2
d - Arcjolt               Conj/Air       38%        1d48      1%          5
e - Airstrike             Air            43%        2d(7-23)  1%          4
f - Irradiate             Conj/Tmut      33%        3d22      3%          5
g - Ignition              Fire           47%        3d13      22%         8
h - Statue Form           Tmut/Erth      42%        N/A       26%         6

Your spell library contained the following spells:

 Spells                   Type           Power      Damage    Failure   Level
 Shock                    Conj/Air       100%       1d9       1%          1
 Momentum Strike          Conj/Tloc      96%        3d10      1%          2
 Ignite Poison            Fire/Tmut/Pois 68%        N/A       1%          3
 Inner Flame              Hex/Fire       67%        N/A       1%          3
 Ozocubu's Armour         Ice            62%        N/A       1%          3
 Swiftness                Air            87%        N/A       1%          3
 Flame Wave               Conj/Fire      82%        2d18      1%          4
 Petrify                  Tmut/Erth      64%        N/A       1%          4
 Sticky Flame             Conj/Fire      82%        2d9       1%          4
 Freezing Cloud           Conj/Ice/Air   36%        6-21      1%          5
 Lightning Bolt           Conj/Air       38%        1d57      1%          5
 Summon Lightning Spire   Summ/Air       62%        N/A       2%          4
 Blade Hands              Tmut           34%        N/A       3%          5
 Summon Small Mammal      Summ           80%        N/A       4%          1
 Silence                  Hex/Air        31%        N/A       6%          5
 Conjure Ball Lightning   Conj/Air       38%        3x3d12    6%          6
 Call Canine Familiar     Summ           20%        N/A       14%         3
 Lesser Beckoning         Tloc           40%        N/A       14%         3
 Summon Guardian Golem    Hex/Summ       20%        N/A       14%         3
 Yara's Violent Unravell  Hex/Tmut       25%        3d11      19%         5
 Simulacrum               Ice/Necr       32%        N/A       24%         6
 Metabolic Englaciation   Hex/Ice        22%        N/A       26%         5
 Cause Fear               Hex            10%        N/A       41%         4
 Manifold Assault         Tloc           20%        N/A       41%         4
 Dragon Form              Tmut           34%        N/A       65%         7
 Dispersal                Tloc           10%        N/A       100%        6
 Enfeeble                 Hex            10%        N/A       100%        7
 Discord                  Hex            10%        N/A       100%        8
 Disjunction              Tloc           10%        N/A       100%        8
 Fire Storm               Conj/Fire      41%        8d10      100%        9


Dungeon Overview and Level Annotations

Branches:
Dungeon (15/15)            Temple (1/1) D:4            Lair (5/5) D:11
  Swamp (4/4) Lair:3       Spider (4/4) Lair:2        Slime (0/5) Lair:4
    Orc (2/2) D:9             Elf (2/3) Orc:2        Vaults (2/5) D:13
 Bailey (visited)           IceCv (visited)         Volcano (visited)
  Crypt: Vaults:2-3  Depths: D:15

Altars:
Ashenzari
Cheibriados
Dithmenos
Elyvilon
Fedhas
Gozag
Hepliaklqana
Kikubaaqudgha
Makhleb
Nemelex Xobeh
Okawaru
Qazlal
Ru
Sif Muna
Trog
Uskayaw
Vehumet
Wu Jian
Xom
Yredelemnul
Zin
The Shining One
Jiyva

Shops:
D:2 :   D:5 [   Orc:2 [[:((   Vaults:2 [

Portals:
Trove: D:13 (give horn of Geryon)

Annotations:
D:4 Duvessa
D:6 2 transporters, sirJeffrey23's ghost, novice FoFi
D:11 1 runed translucent door
D:12 4 transporters
Temple 2 transporters
Elf:1 Roxanne; Zenata
Vaults:2 3 runed translucent doors, Saint Roka


Innate Abilities, Weirdness & Mutations

You are a living statue of rough stone.
Your actions are slow, but your melee attacks are powerful.
You are resistant to unholy torment.
Your maximum health is greatly increased.
Your equipment is partially melded.
((Your serpentine skin is tough. (AC +7)))
You have supernaturally acute eyesight. (SInv)
Armour fits poorly on your strangely shaped body.
Your system is resistant to poisons. (rPois)
((You cover ground very slowly.))
You can spit poison.
You can use your snake-like lower body to constrict enemies.
You are resistant to electric shocks. (rElec)
You are weak. (Str -2)


Message History

Aiming: Airstrike (safe; 1% risk of failure)
Press: ? - help, Dir - move target, f - Zenata
Aim: Zenata, wielding a +4 executioner's axe and wearing a +3 leather armour of cold resistance (almost dead, empty space bonus: 3/8)
The air twists around and strikes Zenata!
Zenata is almost dead.
The +4 scimitar of holy wrath hits you but does no damage.
The +4 vorpal flail hits you but does no damage.
The +2 trident of protection hits you from afar!
* * * LOW HITPOINT WARNING * * *
The +2 glaive of flaming misses you. The +4 scimitar of holy wrath hits you.
* * * LOW HITPOINT WARNING * * *
The +4 vorpal flail hits you!
* * * LOW HITPOINT WARNING * * *
x2 The +2 trident of protection hits you but does no damage.
The +2 glaive of flaming hits you from afar.
* * * LOW HITPOINT WARNING * * *
The +2 glaive of flaming burns you.
* * * LOW HITPOINT WARNING * * *
The +4 scimitar of holy wrath hits you!!
* * * LOW HITPOINT WARNING * * *
Zenata points at you and mumbles some strange words.
A blast of power from the earth and the adjacent constructs strikes you!
* * * LOW HITPOINT WARNING * * *
The +4 vorpal flail hits you but does no damage.
The +2 trident of protection hits you but does no damage.
The +2 glaive of flaming hits you but does no damage.
The +4 scimitar of holy wrath closely misses you.
You block the +4 vorpal flail's attack.
The +2 trident of protection completely misses you.
Okay, then.
Really read the scroll of torment?
As you read the scroll of torment, it crumbles to dust.
You feel a surge of unholy energy.
Zenata convulses!
The +4 scimitar of holy wrath barely misses you.
The +4 vorpal flail hits you but does no damage.
The +2 trident of protection hits you from afar.
* * * LOW HITPOINT WARNING * * *
You block the +2 glaive of flaming's attack.
The +4 scimitar of holy wrath hits you!
You die...

**##...###)##.a.....## ##
#......## ##..........#
.###.###...###.##.......##
..#* ##...#.#..##.......#
..# ,#)........###.....##
..##.)#)..########.....##
[....).#.# *#((a(....#
..##.8.#.# #((((.##.#
..#*, ...# #8######.# ..#
*##'## #.######.# ..#
##...## #........# ###
##.....## #.######## #
##.......## #.#.##
####.........###....##
...'.................#
####..........##.....# #
##.......#.##.#.#.#


You could see Zenata and 6 dancing weapons.

Vanquished Creatures
  Mara (Spider:3)
  Nikola (Elf:1)
  Arachne (Spider:3)
  2 sphinxes
  Frances (Swamp:1)
  Donald (Swamp:2)
  Kirke (Spider:4)
  5 thorn hunters
  A tengu reaver (Vaults:1)
  7 emperor scorpions
  3 ghost moths (Spider:4)
  6 vault wardens
  Louise (Spider:1)
  11 ironbound preservers
  3 ironbound thunderhulks
  2 broodmothers (Spider:3)
  4 eleionomae
  2 vampire knights (Swamp:4)
  7 dire elephants
  5 bunyips
  A spark wasp (Lair:2)
  A crystal guardian (Vaults:2)
  An ettin (Vaults:1)
  6 entropy weavers
  8 great orbs of eyes
  3 shambling mangroves
  16 hydras
  Erolcha (Orc:2)
  6 yaktaur captains
  2 deep elf high priests (Elf:1)
  3 jorogumos
  9 vault guards
  A peacekeeper (Vaults:2)
  A ghost crab (Swamp:1)
  6 ogre magi
  14 centaur warriors
  23 two-headed ogres
  A catoblepas (Lair:5)
  9 boulder beetles
  5 ironbound frosthearts
  2 radroaches
  A deep troll shaman (Lair:5)
  5 alligators
  8 death yaks
  An orc high priest (Elf:1)
  A naga warrior (Abyss:2)
  8 dancing weapons
  A death scarab (Spider:3)
  3 shock serpents (Vaults:2)
  14 deep elf knights
  A sun moth (Spider:1)
  3 pharaoh ants
  4 goliath frogs
  A skeletal warrior (D:11)
  9 steelbarb worms
  4 spriggan druids
  3 bog bodies
  A phantasmal warrior (Vaults:2)
  2 spectral hydras (Swamp:4)
  27 deep trolls
  6 deep elf archers
  8 swamp dragons
  A necromancer (IceCv)
  4 wizards
  5 lindwurms
  11 orc knights
  10 ironbound convokers
  9 orb spiders
  2 harpies (Vaults:2)
  23 wolf spiders
  23 deep elf pyromancers
  15 deep elf zephyrmancers
  7 oklob plants
  5 will-o-the-wisps
  22 ugly things
  A fire giant zombie (D:15)
  3 moths of wrath
  6 cyclopes
  A manticore (D:13)
  A salamander (Abyss:2)
  25 elephants
  An ice statue (IceCv)
  A guardian serpent (Abyss:2)
  10 vault sentinels
  9 cane toads
  A torpor snail (Spider:4)
  5 black mambas
  A rime drake (Lair:1)
  4 efreet
  5 freezing wraiths
  12 yaktaurs (Vaults:1)
  2 gargoyles (D:11)
  5 demonic crawlers
  5 komodo dragons
  2 tengu conjurers
  15 ice devils (IceCv)
  2 anaconda simulacra (IceCv)
  2 hydra zombies (Swamp:4)
  A merfolk (shapeshifter) (D:13)
  3 polar bears
  3 meliai (Spider:3)
  5 trolls
  3 death drake zombies (Swamp:4)
  3 raiju (Vaults:2)
  25 tarantellas
  9 tyrant leeches
  3 death drake skeletons (Swamp:4)
  15 hornets
  8 blink frogs
  A hydra skeleton (Swamp:4)
  8 slime creatures
  Sigmund (D:5)
  17 culicivoras
  4 air elementals
  25 jumping spiders
  2 vampires
  3 water elementals
  2 shadows
  2 wraiths (D:11)
  8 spriggans
  4 wyverns
  22 yaks
  8 basilisks
  5 fire elementals
  62 redbacks
  Eustachio (Temple)
  9 vampire mosquitoes
  2 steam dragons
  A human simulacrum (Vaults:2)
  6 death yak simulacra
  4 wargs
  Edmund (D:3)
  12 swamp worms
  A harpy simulacrum (IceCv)
  A naga (Abyss:2)
  2 acid dragons
  6 hell hounds (Volcano)
  5 hydra simulacra
  16 water moccasins
  2 swamp drakes (Swamp:4)
  15 orc warriors
  An ice beast (D:6)
  3 swamp dragon zombies (Swamp:4)
  7 black bears
  21 ogres
  An ogre (shapeshifter) (Elf:2)
  17 wolves
  6 centaurs
  11 kobold brigands
  4 gnoll sergeants
  14 bullfrogs
  4 scorpions
  3 two-headed ogre simulacra (Orc:1)
  3 cane toad simulacra
  3 earth elementals (Elf:2)
  6 wights (D:8)
  Dowan (D:4)
  6 elephant simulacra (IceCv)
  19 killer bees
  A howler monkey (D:8)
  6 electric eels
  A crimson imp (Abyss:2)
  15 orc priests
  3 hounds
  A jelly (D:4)
  A gnoll bouda (D:8)
  Crazy Yiuf (D:6)
  3 iguanas
  16 orc wizards
  4 lightning spires (Vaults:2)
  2 spriggan simulacra
  4 hell rats (Lair:5)
  8 polar bear simulacra
  A wolf simulacrum (IceCv)
  20 gnolls
  14 adders
  2 naga simulacra (IceCv)
  A shadow imp (D:7)
  5 white imps
  4 ufetubi
  3 worms
  69 orcs
  7 ball pythons
  8 endoplasms
  5 giant cockroaches
  11 goblins
  9 hobgoblins
  36 kobolds
  6 quokkas
  10 bats
  3 frilled lizards
  A rat (D:3)
1298 creatures vanquished.

Vanquished Creatures (collateral kills)
  An emperor scorpion (Spider:4)
  A hydra zombie (Swamp:4)
  2 orc knights
  A tarantella (Spider:4)
  A redback (Spider:2)
  A wight (D:8)
  An orc (Orc:1)
8 creatures vanquished.

Vanquished Creatures (others)
  An alligator (Swamp:2)
  A human (Spider:4)
  A swamp worm (Swamp:2)
  A ball lightning (Vaults:2)
  4 briar patches
  4 foxfires
  42 fungi
  72 plants
  7 withered plants (D:15)
133 creatures vanquished.

Grand Total: 1439 creatures vanquished

Notes
Turn   | Place    | Note
-------+----------+-------------------------------------------
     0 | D:1      | Shayle the Naga Reaver began the quest for the Orb.
     0 | D:1      | Reached XP level 1. HP: 19/19 MP: 3/3
   175 | D:1      | Reached skill level 1 in Stealth
   187 | D:1      | Reached XP level 2. HP: 26/26 MP: 5/5
   435 | D:1      | Reached XP level 3. HP: 33/33 MP: 6/6
   439 | D:1      | Learned a level 3 spell: Hailstorm
  1425 | D:2      | Found Gouwimm's Book Boutique.
  1434 | D:2      | Reached XP level 4. HP: 40/40 MP: 7/7
  2162 | D:3      | Reached skill level 1 in Ice Magic
  2451 | D:3      | Reached XP level 5. HP: 37/48 MP: 8/8
  3018 | D:4      | Noticed Edmund
  3032 | D:3      | Killed Edmund
  3033 | D:3      | Reached XP level 6. HP: 8/56 MP: 9/9
  3664 | D:4      | Noticed Eustachio
  3693 | D:5      | Entered Level 5 of the Dungeon
  3780 | D:5      | Reached XP level 7. HP: 62/62 MP: 10/10
  4263 | D:5      | Identified the +2 leather armour of Beogh's Pride {rCorr}
  4356 | D:5      | Found Vodet's Antique Armour Emporium.
  4362 | D:5      | Reached skill level 5 in Stealth
  4380 | D:5      | Noticed Sigmund
  4384 | D:5      | Killed Sigmund
  4684 | D:4      | Noticed Dowan
  4685 | D:4      | Noticed Duvessa
  4717 | D:4      | Killed Dowan
  4718 | D:4      | Reached XP level 8. HP: 69/72 MP: 11/11
  4800 | D:4      | Found a staircase to the Ecumenical Temple.
  4826 | Temple   | Entered the Ecumenical Temple
  4826 | Temple   | Found a transporter.
  4826 | Temple   | Found a transporter.
  4830 | Temple   | Killed Eustachio
  4831 | Temple   | Found a transporter.
  4831 | Temple   | Found a transporter.
  4857 | Temple   | Became a worshipper of Ashenzari the Shackled
  5155 | D:4      | Reached skill level 5 in Polearms
  5972 | D:6      | Reached skill level 5 in Conjurations
  6038 | D:6      | Noticed sirJeffrey23's ghost (novice FoFi)
  6040 | D:6      | Found a transporter.
  6306 | D:6      | Found a transporter.
  6814 | D:6      | Reached skill level 5 in Fighting
  6814 | D:6      | Reached XP level 9. HP: 71/81 MP: 14/14
  6923 | D:6      | Found a runed translucent door.
  6927 | D:6      | Learned a level 2 spell: Blink
  6927 | D:6      | Noticed Crazy Yiuf
  7759 | D:7      | Found a flagged portal.
  7775 | Bailey   | Entered a bailey
  7960 | Bailey   | Noticed an orc knight
  7974 | Bailey   | Reached skill level 5 in Ice Magic
  8096 | Bailey   | Reached XP level 10. HP: 85/92 MP: 10/17
  8100 | Bailey   | Killed an orc knight
  8101 | Bailey   | Reached skill level 5 in Dodging
  8400 | Bailey   | Found a burning altar of Makhleb.
  8866 | D:8      | Reached * piety under Ashenzari
  8898 | D:7      | Reached skill level 5 in Spellcasting
  9293 | D:8      | Noticed a centaur warrior
  9311 | D:9      | Found a shadowy altar of Dithmenos.
  9315 | D:9      | Noticed a two-headed ogre
  9718 | D:9      | Killed a two-headed ogre
  9846 | D:9      | Found a staircase to the Orcish Mines.
 10109 | D:2      | Bought Syluplem's Catalogue of Sweltering Conjury for 480
                  | gold pieces
 10243 | D:6      | Killed Crazy Yiuf
 10549 | D:8      | Reached skill level 1 in Transmutations
 10549 | D:8      | Reached skill level 1 in Air Magic
 10566 | D:8      | Reached skill level 1 in Armour
 10621 | D:8      | Killed a centaur warrior
 10878 | D:8      | Reached ** piety under Ashenzari
 10888 | D:8      | Reached XP level 11. HP: 104/104 MP: 18/21
 11104 | D:8      | Learned a level 5 spell: Arcjolt
 11123 | D:8      | Noticed a two-headed ogre
 11131 | D:8      | Killed a two-headed ogre
 11834 | D:10     | Entered Level 10 of the Dungeon
 11936 | D:10     | Found a glowing silver altar of Zin.
 11990 | D:10     | Reached skill level 1 in Shields
 12396 | D:10     | Noticed a two-headed ogre
 12405 | D:10     | Killed a two-headed ogre
 12783 | D:11     | Found the +9 staff of Olgreb {rPois∞}
 12803 | D:11     | Noticed a boulder beetle
 12812 | D:11     | Killed a boulder beetle
 13020 | D:2      | Bought a book of Storms for 320 gold pieces
 13025 | D:2      | Learned a level 4 spell: Airstrike
 13246 | D:11     | Found a staircase to the Lair.
 13336 | D:11     | Noticed a centaur warrior
 13337 | D:11     | Noticed a boulder beetle
 13357 | D:11     | Killed a boulder beetle
 13398 | D:11     | Noticed a two-headed ogre
 13419 | D:11     | Killed a two-headed ogre
 13548 | D:11     | Noticed a skeletal warrior
 13565 | D:11     | Killed a skeletal warrior
 13686 | D:11     | Noticed a cyclops
 13712 | D:11     | Killed a cyclops
 13713 | D:11     | Reached XP level 12. HP: 76/115 MP: 15/24
 13713 | D:11     | Killed a centaur warrior
 13942 | Lair:1   | Entered Level 1 of the Lair of Beasts
 14013 | Lair:1   | Reached skill level 5 in Air Magic
 14215 | D:11     | Noticed a boulder beetle
 14230 | D:11     | Killed a boulder beetle
 14231 | D:11     | Reached skill level 5 in Transmutations
 14339 | D:11     | Found a runed translucent door.
 14350 | D:11     | Learned a level 5 spell: Irradiate
 14350 | D:11     | Found a runed translucent gate.
 14350 | D:11     | Found a runed translucent gate.
 14351 | D:11     | Found a runed translucent door.
 14445 | D:11     | Found a runed translucent gate.
 14549 | Lair:1   | Noticed a death yak
 14683 | D:10     | Found a basalt altar of Yredelemnul.
 14706 | Lair:1   | Noticed a death yak
 14707 | Lair:1   | Noticed a death yak
 14715 | D:11     | Killed a death yak
 15289 | D:12     | Found a transporter.
 15295 | D:12     | Found a transporter.
 15370 | D:12     | Found a transporter.
 15373 | D:12     | Found a transporter.
 15734 | D:13     | Noticed a vault guard
 15744 | D:13     | Killed a vault guard
 15878 | D:13     | Noticed a vault guard
 16326 | D:13     | Noticed a deep elf knight
 16337 | D:13     | Killed a deep elf knight
 16338 | D:13     | Reached skill level 5 in Armour
 16431 | D:13     | Killed a vault guard
 16432 | D:13     | Gained mutation: You can use your snake-like lower body to
                  | constrict enemies. [Naga growth]
 16432 | D:13     | Reached XP level 13. HP: 107/124 MP: 2/26
 16438 | Abyss:2  | Cast into level 2 of the Abyss (a wizard)
 16512 | Abyss:2  | Noticed a starcursed mass
 16529 | Abyss:2  | Reached skill level 5 in Shields
 16541 | Abyss:2  | Found a corrupted altar of Lugonu.
 16548 | D:13     | Escaped the Abyss
 16562 | D:13     | Noticed a vault guard
 16596 | D:13     | Killed a vault guard
 16703 | D:13     | Found a gate to the Vaults.
 16939 | D:13     | Found a portal to a secret trove of treasure.
 18414 | Lair:2   | Found a dark tunnel.
 18428 | Volcano  | Entered a volcano
 18623 | Volcano  | Reached skill level 10 in Fighting
 18989 | Volcano  | Reached skill level 5 in Fire Magic
 18989 | Volcano  | Reached XP level 14. HP: 135/135 MP: 28/28
 19387 | Lair:2   | Found a hole to the Spider Nest.
 19555 | Lair:2   | Reached XP level 15. HP: 142/142 MP: 9/29
 20976 | Lair:3   | Reached skill level 6 in Fire Magic
 21470 | Lair:3   | Found a staircase to the Swamp.
 21854 | Lair:4   | Found a viscous altar of Jiyva.
 21854 | Lair:4   | Found a staircase to the Slime Pits.
 23562 | Lair:5   | Entered Level 5 of the Lair of Beasts
 24218 | Lair:5   | Reached skill level 7 in Fire Magic
 24814 | Lair:5   | Reached skill level 10 in Air Magic
 25808 | Orc:1    | Entered Level 1 of the Orcish Mines
 26028 | Orc:1    | Found a frozen archway.
 26050 | Orc:1    | Reached skill level 8 in Fire Magic
 26273 | IceCv    | Entered an ice cave
 26383 | IceCv    | Reached *** piety under Ashenzari
 27509 | IceCv    | Reached XP level 16. HP: 121/157 MP: 14/30
 27932 | IceCv    | Identified the ring "Geabon" {rN+ Dex+3}
 28224 | IceCv    | Found an ancient bone altar of Kikubaaqudgha.
 29288 | Orc:2    | Entered Level 2 of the Orcish Mines
 29288 | Orc:2    | Found a staircase to the Elven Halls.
 29294 | Orc:2    | Noticed Erolcha
 29306 | Orc:2    | Killed Erolcha
 30064 | Orc:2    | Found Noimepsi's Armour Shoppe.
 30181 | Orc:2    | Reached skill level 9 in Fire Magic
 30922 | Orc:2    | Found Fuyc's Antique Armour Emporium.
 30922 | Orc:2    | Found Goecreh's Book Shop.
 30923 | Orc:2    | Found Voidoap's Antique Weapon Shop.
 30923 | Orc:2    | Found Xauxicvemeu's Weapon Shoppe.
 32722 | D:14     | Reached **** piety under Ashenzari
 33552 | D:15     | Entered Level 15 of the Dungeon
 33643 | D:15     | Found a shadowy altar of Dithmenos.
 34282 | D:15     | Reached skill level 10 in Fire Magic
 34648 | Swamp:1  | Entered Level 1 of the Swamp
 35482 | Swamp:1  | Reached XP level 17. HP: 111/170 MP: 0/32
 36065 | Swamp:1  | Noticed Frances
 36118 | Swamp:1  | Killed Frances
 36248 | Swamp:1  | Identified the +5 scale mail of Ruseti {rElec Will+}
 37145 | Swamp:2  | Reached skill level 10 in Armour
 37207 | Swamp:2  | Noticed Donald
 37827 | Swamp:2  | Reached skill level 5 in Earth Magic
 37827 | Swamp:2  | Reached XP level 18. HP: 178/178 MP: 33/33
 37932 | Swamp:2  | Killed Donald
 39256 | Swamp:3  | Reached skill level 11 in Fire Magic
 39939 | Swamp:4  | Entered Level 4 of the Swamp
 43449 | Swamp:4  | Found a basalt altar of Yredelemnul.
 43619 | Swamp:4  | Found a blossoming altar of Fedhas.
 43859 | Swamp:4  | Got a decaying rune of Zot
 43922 | Swamp:2  | Reached XP level 19. HP: 188/188 MP: 21/34
 44013 | Lair:1   | Learned a level 8 spell: Ignition
 44063 | Spider:1 | Entered Level 1 of the Spider Nest
 44377 | Lair:2   | Reached skill level 12 in Fire Magic
 44476 | Spider:1 | Noticed Louise
 44638 | Spider:1 | Killed Louise
 46292 | Spider:2 | Reached skill level 15 in Fighting
 46561 | Spider:2 | Identified the +1 pair of gloves of Temperance {Dex+4}
 47536 | Spider:3 | Identified a scroll of acquirement
 47922 | Spider:3 | Noticed Mara
 47941 | Spider:3 | Reached skill level 13 in Fire Magic
 47956 | Spider:3 | Noticed Shayle's illusion
 48085 | Spider:2 | Acquired the +5 demon trident "Mopurif" {vorpal, MP+9 Str+2
                  | Int+7 Stlth-}
 48298 | Vaults:1 | Entered Level 1 of the Vaults
 48654 | Vaults:1 | Reached skill level 14 in Fire Magic
 49316 | Vaults:1 | Reached skill level 15 in Fire Magic
 49605 | Vaults:1 | Reached XP level 20. HP: 155/201 MP: 34/35
 50197 | Vaults:1 | Paralysed by a sphinx for 3 turns
 50961 | Elf:1    | Entered Level 1 of the Elven Halls
 50963 | Elf:1    | Reached skill level 1 in Evocations
 51542 | Elf:1    | Paralysed by an air elemental for 1 turns
 51819 | Elf:1    | Found a shimmering blue altar of Sif Muna.
 51903 | Elf:1    | Reached skill level 16 in Fire Magic
 51906 | Elf:1    | Identified Roxanne's Anthology of the Caves
 51906 | Elf:1    | Noticed Roxanne
 52126 | Elf:1    | Noticed Nikola
 52135 | Elf:1    | Killed Nikola
 52391 | Elf:1    | Identified the +0 ring mail "Lemiti" {Dex+3}
 52659 | Elf:1    | Learned a level 6 spell: Statue Form
 52693 | Elf:1    | Noticed Zenata
 52717 | Elf:2    | Reached skill level 5 in Evocations
 52754 | Elf:2    | Identified the cursed +0 pair of gloves "Share My Sybil"
                  | {Elem, Fort} (You found it on level 1 of the Lair of
                  | Beasts)
 53138 | Elf:2    | Reached skill level 10 in Polearms
 53435 | Elf:2    | Found the +0 staff of Battle
 53508 | Elf:2    | Found a runed translucent gate.
 53508 | Elf:2    | Found a runed translucent gate.
 53508 | Elf:2    | Found a runed translucent gate.
 54428 | Spider:3 | Gained mutation: You are occasionally teleported next to
                  | monsters. [mutagenic glow]
 54431 | Spider:3 | Killed Mara
 54432 | Spider:3 | Reached skill level 1 in Necromancy
 54836 | Spider:3 | Noticed Arachne
 54867 | Spider:3 | Killed Arachne
 55532 | Spider:4 | Entered Level 4 of the Spider Nest
 55568 | Spider:4 | Reached XP level 21. HP: 142/204 MP: 24/35
 56070 | Spider:4 | Lost mutation: You are occasionally teleported next to
                  | monsters. [potion of mutation]
 56070 | Spider:4 | Gained mutation: You are weak. (Str -2) [potion of
                  | mutation]
 56070 | Spider:4 | Gained mutation: You are resistant to electric shocks.
                  | (rElec) [potion of mutation]
 56275 | Spider:4 | Noticed Kirke
 56286 | Spider:4 | Killed Kirke
 57334 | Spider:4 | Identified the +1 hat "Oprauxes" {rN+}
 57339 | Spider:4 | Got a gossamer rune of Zot
 58048 | Vaults:2 | Reached skill level 5 in Necromancy
 58413 | Vaults:2 | Found Ycyazuv's Antique Armour Emporium.
 58429 | Vaults:2 | Bought a fine helmet for 380 gold pieces
 58429 | Vaults:2 | Identified the +1 helmet of Soutorel {rN+ Will+ Dex-5} (You
                  | bought it in a shop on level 2 of the Vaults)
 58503 | Vaults:2 | Reached skill level 10 in Evocations
 58679 | Vaults:2 | Identified the amulet of Impatience {Acrobat Harm Rampage
                  | rC- Dex+3}
 58879 | Vaults:2 | Identified the Omnibus of the Brume
 59347 | Vaults:2 | Found a runed translucent gate.
 59347 | Vaults:2 | Found a runed translucent gate.
 59347 | Vaults:2 | Found a runed translucent gate.
 59568 | Vaults:2 | Noticed Saint Roka
 59573 | Vaults:2 | HP: 6/206 [mirror damage (11)]
 60129 | Elf:1    | HP: 6/273 [Zenata/a resonance strike (22)]
 60130 | Elf:1    | Slain by a +4 scimitar of holy wrath

Illustrated notes

Levels and vault maps discovered:
D:1:      dpeg_arrival_round_b, layout_loops_ring
D:2:      minmay_skewed_foursquare, layout_loops_ring, serial_shops, shop,
          kennysheep_generic_room_12
D:3:      layout_basic
D:4:      layout_loops_ring, temple_green, grunt_decor_cap,
          grunt_decor_fettered, uniq_edmund, uniq_eustachio, uniq_duvessa
D:5:      layout_loops_corners, serial_shops, nicolae_shop_trees, st_stairs_14,
          uniq_sigmund
D:6:      layout_basic, gammafunk_ghost_arena, minmay_misc_feat_ornament,
          minmay_pentangle, uniq_crazy_yiuf_cottage
D:7:      layout_gridville, enter_bailey_2, kennysheep_flooded_box, nrook_uturn,
          grunt_ministairs_7, serial_park_tiny_2, nrook_mini_backslash
D:8:      layout_loops_ring, kennysheep_diamond, minmay_radiant
D:9:      layout_roguey, mainiacjoe_overflow_catwalk, hiddenorc2_lemuel
D:10:     layout_loops_cross, nicolae_overflow_hidden_temple
D:11:     kennysheep_blocky_room, layout_rooms,
          minmay_guarded_unrand_staff_of_olgreb
D:12:     layout_roguey, grunt_ministairs_10, nicolae_diode_intersection
D:13:     layout_layer_cave, grunt_vaults_entry_fortified,
          nicolae_trove_entry_diagonal, corner_web_ring
D:14:     layout_rooms, chequers_serial_rivers_small_3
D:15:     gammafunk_depths_entry_grave, layout_irregular_city,
          reono_crystal_passage, grunt_dithmenos_shadows
Temple:   hellmonk_temple_divided_pantheon
Lair:1:   layout_cave_shapes, beast_lair_carwin_11, lemuel_fruit_fields,
          lemuel_fruit_fields
Lair:2:   layout_regular_city, spider_nest_entry_funnel_web,
          nicolae_volcano_entry_lava_flow
Lair:3:   layout_gridlike, minmay_swamp_entry_eels, grunt_megastairs_2,
          serial_bayou_shore_a
Lair:4:   layout_layer_cave, minmay_slime_entry_oklob_open,
          chequers_serial_rivers_micro_b
Lair:5:   grunt_lair_end_beastmaster, layout_long_grid
Swamp:1:  layout_basic_swamp, hangedman_swamp_diagram, swamp_pool5, uniq_frances
Swamp:2:  layout_basic_swamp, evilmike_swamp_ruin_house_6,
          statue_in_the_mist_lemuel, swamp_pool4, uniq_donald
Swamp:3:  layout_basic_swamp, serial_swamp_ruin, evilmike_swamp_ruin_house_5,
          evilmike_swamp_ruin_house_1, evilmike_swamp_ruin_house_4
Swamp:4:  byrel_swamp_growth_death_and_undeath, layout_basic_swamp, swamp_pool4
Spider:1: layout_spider_delve, uniq_louise
Spider:2: layout_spider_delve, hellmonk_motheaten_closet
Spider:3: spider_temple_joshua, uniq_arachne, uniq_mara
Spider:4: grunt_spider_rune_circles, uniq_kirke
Orc:1:    layout_diamond_mine, portal_ice_cave_entry_ice_simulacra
Orc:2:    st_orc_ogre_mass, layout_diamond_mine, serial_shops,
          nicolae_shop_window_shopping, nicolae_orc_crystal_geode, uniq_erolcha
Elf:1:    eino_elf_arrival_sip, layout_loops_corners,
          kennysheep_underground_church, nicolae_elf_theology_debate,
          uniq_nikola, uniq_zenata, uniq_roxanne
Elf:2:    elven_hall_of_blades_hangedman_original [mumra_blade_entry_dagger],
          layout_geoelf_octagon, patterned_corridor
Vaults:1: vaults_room_fours, vaults_room_door_hall, hangedman_vaults_stitches,
          grunt_vaults_focal, ontoclasm_vaults_gateway,
          nicolae_vaults_puzzle_piece, v_misc_25, nicolae_vaults_theta,
          ontoclasm_vaults_gallery, vaults_room_grunt_arrival_ludios, v_misc_2,
          vaults_room_stairs_pillars, layout_vaults_ring
Vaults:2: gammafunk_ghost_necromancy, dpeg_vaults_monster_row,
          blue_anna_dwarven_crypt, ontoclasm_vaults_eye,
          nicolae_vaults_little_ls, serial_ice_h, v_alt_pattern_4,
          nicolae_vaults_branching_niches, grunt_vaults_funnel,
          vaults_mumra_hex, v_misc_4, nicolae_vaults_twisting_passages,
          ontoclasm_vaults_twist, ontoclasm_vaults_hangar,
          vaults_room_door_ring, v_misc_25, layout_vaults_omnicross,
          serial_hangedman_research, hangedman_research_electronics,
          serial_shops, nicolae_shop_window_shopping, uniq_saint_roka

Skill      XL: |  1  2  3  4  5  6  7  8  9 10 11 12 13 14 15 16 17 18 19 20 21 |
---------------+----------------------------------------------------------------+-----
Stealth        | 1 2 3 4 5 |  5.0
Dodging        | 2 3 4 5 |  5.4
Ice Magic      | 1 2 3 4 5 |  5.9
Fighting       | 3 4 5 6 7 8 9 10 11 13 14 15 | 15.2
Polearms       | 4 5 6 7 10 11 | 11.4
Conjurations   | 4 5 6 7 |  7.0
Spellcasting   | 3 4 5 6 8 9 |  9.0
Transmutations | 2 4 6 7 9 |  9.3
Air Magic      | 2 4 6 8 10 12 13 | 13.4
Armour         | 1 3 5 6 8 9 10 11 | 11.7
Shields        | 2 4 6 |  6.2
Fire Magic     | 5 8 10 11 15 16 | 16.2
Earth Magic    | 5 |  5.4
Evocations     | 7 11 | 11.0
Necromancy     | 2 7 |  7.5

Action                   |  1- 3 |  4- 6 |  7- 9 | 10-12 | 13-15 | 16-18 | 19-21 || total
-------------------------+-------+-------+-------+-------+-------+-------+-------++-------
Melee: Spear             |    52 |       |       |       |       |       |       ||    52
       Short sword       |    43 |    86 |       |       |       |       |       ||   129
       Punch             |       |     1 |       |     5 |       |       |       ||     6
       Dire flail        |       |    25 |   435 |     6 |       |       |       ||   466
       Broad axe         |       |       |       |   427 |    56 |       |       ||   483
       Trident           |       |       |       |       |   432 |   388 |   181 ||  1001
       Constrict         |       |       |       |       |    66 |    69 |   142 ||   277
       Demon trident     |       |       |       |       |       |       |   594 ||   594
Throw: Dart              |       |     6 |    25 |    34 |    17 |    13 |     3 ||    98
       Throwing net      |       |       |       |       |       |     1 |       ||     1
 Cast: Kiss of Death     |       |     1 |       |       |       |       |       ||     1
       Hailstorm         |       |       |    14 |    22 |    18 |       |     5 ||    59
       Airstrike         |       |       |       |    47 |   245 |   624 |   450 ||  1366
       Arcjolt           |       |       |       |    24 |    61 |    27 |    59 ||   171
       Irradiate         |       |       |       |     1 |     2 |     7 |    19 ||    29
       Blink             |       |       |       |       |     1 |       |     1 ||     2
       Ignition          |       |       |       |       |       |       |    47 ||    47
       Statue Form       |       |       |       |       |       |       |    15 ||    15
Invok: Curse Item        |       |       |     1 |     2 |     2 |     1 |     1 ||     7
       Shatter the Chain |       |       |       |       |       |       |     2 ||     2
 Abil: Spit Poison       |    38 |    25 |    25 |    20 |    13 |    14 |     2 ||   137
Evoke: Wand              |       |     1 |     2 |    37 |     7 |     8 |    14 ||    69
       Phantom mirror    |       |       |       |     1 |     2 |     2 |     4 ||     9
       Phial of floods   |       |       |       |       |     1 |     1 |     3 ||     5
       Condenser vane    |       |       |       |       |       |       |     2 ||     2
  Use: Scroll            |       |       |    13 |     9 |     3 |     1 |    16 ||    42
       Potion            |       |       |     1 |     2 |     1 |     3 |    14 ||    21
 Stab: Sleeping          |     2 |     1 |     2 |     3 |       |       |     5 ||    13
       Distracted        |       |       |     1 |       |       |       |     5 ||     6
Armor: Leather armour    |    25 |     4 |   336 |   387 |   549 |   451 |   665 ||  2417
       Scale mail        |       |    57 |       |       |       |       |       ||    57
       Ring mail         |       |    76 |    23 |       |       |       |       ||    99
       Skin              |       |       |       |       |       |       |   278 ||   278
Dodge: Dodged            |    47 |    84 |   393 |   354 |   281 |   214 |   510 ||  1883
Block: Buckler           |       |       |       |    83 |   182 |   161 |   160 ||   586
       Kite shield       |       |       |       |       |       |       |   288 ||   288
       Reflection        |       |       |       |       |       |       |     3 ||     3

Table legend: (Time is in decaauts)
 A = Elapsed time spent in this place.
 B = Non-inter-level travel time spent in this place.
 C = Inter-level travel time spent in this place.
 D = Time resting spent in this place.
 E = Time spent auto-exploring this place.
 F = Levels seen in this place.
 G = Mean time per level.
                   A        B        C        D        E       F      G
               +--------+--------+--------+--------+--------+-----+--------+
         Total |  71065 |  65616 |   5449 |  23590 |  26560 |  39 | 1822.2 |
       Dungeon |  25490 |  22548 |   2942 |   5379 |  11412 |  15 | 1699.3 |
        Temple |     59 |     59 |      0 |      0 |      0 |   1 |   59.0 |
          Lair |  10590 |   9744 |    846 |   2415 |   5790 |   5 | 2118.0 |
         Swamp |  10583 |  10028 |    555 |   5683 |   2393 |   4 | 2645.8 |
   Spider Nest |   7828 |   7417 |    411 |   3055 |   2497 |   4 | 1957.0 |
  Orcish Mines |   3493 |   3273 |    220 |    986 |   1397 |   2 | 1746.5 |
   Elven Halls |   3645 |   3551 |     94 |   1233 |   1397 |   2 | 1822.5 |
        Vaults |   4995 |   4618 |    377 |   2086 |   1529 |   2 | 2497.5 |
         Abyss |    122 |    122 |      0 |     67 |      0 |   1 |  122.0 |
        Bailey |    757 |    757 |      0 |    330 |      0 |   1 |  757.0 |
      Ice Cave |   2846 |   2846 |      0 |   1938 |    142 |   1 | 2846.0 |
       Volcano |    652 |    652 |      0 |    414 |      0 |   1 |  652.0 |
               +--------+--------+--------+--------+--------+-----+--------+

Top non-repeatable levels by time:
 Swamp:4: 3437 daAuts
    D:13: 3187 daAuts
Vaults:1: 2950 daAuts
   IceCv: 2846 daAuts
 Swamp:3: 2754 daAuts
    D:11: 2729 daAuts
  Lair:2: 2690 daAuts
   Orc:2: 2515 daAuts
 Swamp:1: 2474 daAuts
Spider:3: 2469 daAuts
   Elf:1: 2466 daAuts
Spider:4: 2393 daAuts
  Lair:4: 2284 daAuts
  Lair:5: 2278 daAuts
     D:6: 2142 daAuts
